 Dungeon Crawl Stone Soup version 0.20.0-6-gd3061e9 (webtiles) character file.

194 Larmestyx the Ruffian (level 5, 0/45 HPs)
             Began as a Naga Transmuter on May 28, 2017.
             Succumbed to Crazy Yiuf's poison
             ... on level 2 of the Dungeon.
             The game lasted 00:28:28 (2964 turns).

Larmestyx the Ruffian (Naga Transmuter)             Turns: 2964, Time: 00:28:29

Health: 0/45       AC:  4    Str: 12    XL:     5   Next: 73%
Magic:  8/8        EV:  9    Int: 15    God:
Gold:   81         SH:  0    Dex: 11    Spells: 5/8 levels left

rFire    . . .     SeeInvis +     - Unarmed
rCold    . . .     Gourm    .   (no shield)
rNeg     . . .     Faith    .   i - +0 leather armour
rPois    +         Spirit   .   e - +0 helmet
rElec    .         Reflect  .   (no cloak)
rCorr    .         Harm     .   (no gloves)
MR       .....     Rnd*Tele +   (no barding)
Stlth    ++........             (no amulet)
Regen    0.2/turn               g - ring of teleportation (curse)
MPRegen  0.2/turn               (no ring)

@: lethally poisoned (0 -> -5), short of breath, drained, very slow
A: see invisible, deformed body, poison resistance, slowness 2, slow metabolism
1, spit poison 1, AC +1
a: Spit Poison


You were on level 2 of the Dungeon.
You were hungry.

You visited 1 branch of the dungeon, and saw 2 of its levels.

You collected 81 gold pieces.

Inventory:

Hand Weapons
 s - a +0 flail of holy wrath
Missiles
 a - 56 arrows
 q - 16 bolts
Armour
 b - a +0 robe
 e - a +0 helmet (worn)
 i - a +0 leather armour (worn)
 l - a +0 plate armour
Jewellery
 g - a cursed ring of teleportation (left hand)
Scrolls
 j - a scroll of enchant armour {unknown}
 n - 2 scrolls of remove curse {unknown}
Potions
 h - a potion of mutation {unknown}
 o - 2 potions of flight {unknown}
 p - a potion of brilliance {unknown}
 r - a potion of curing {unknown}
 t - a potion of cancellation {unknown}
Books
 c - a book of Changes

   Spells                             Type                      Level
   a - Beastly Appendage              Transmutation                1
   b - Sticks to Snakes               Transmutation                2
   c - Spider Form                    Transmutation/Poison         3
   d - Ice Form                       Ice/Transmutation            4
   e - Blade Hands                    Transmutation                5
Comestibles
 d - 2 bread rations
 f - a fruit
 k - a royal jelly


   Skills:
 + Level 1.8(1.5) Fighting
 + Level 1.5(1.2) Armour
 + Level 2.1(1.8) Dodging
 + Level 2.1(1.8) Stealth
 + Level 4.7(4.4) Unarmed Combat
 + Level 2.1(1.8) Spellcasting
 + Level 2.2(1.9) Transmutations


You had 5 spell levels left.
You knew the following spells:

 Your Spells              Type           Power        Failure   Level  Hunger
a - Beastly Appendage     Tmut           #.....       13%         1    ##.....
b - Sticks to Snakes      Tmut           #.......     21%         2    ###....


Dungeon Overview and Level Annotations

Branches:
Dungeon (2/15)

Altars:
Makhleb

Annotations:
D:2 Crazy Yiuf


Innate Abilities, Weirdness & Mutations

You cannot wear boots.
Your serpentine skin is tough. (AC +1)
You have supernaturally acute eyesight. (SInv)
Armour fits poorly on your strangely shaped body.
Your system is resistant to poisons. (rPois)
You cover ground very slowly.
You have a slow metabolism.
You can spit poison.


Message History

The splash of poison misses Crazy Yiuf.
You feel slightly more hungry.
You feel sick.
As you read the scroll labeled LUSAIM MUYPOR, it crumbles to dust.
The dust glows shining grey!
It was a scroll of random uselessness.
You feel sick.
You hit Crazy Yiuf.
Crazy Yiuf is heavily wounded.
Crazy Yiuf says, "Fire green green!"
Crazy Yiuf closely misses you.
You hit Crazy Yiuf.
Crazy Yiuf is severely wounded.
You feel sick.
Crazy Yiuf flaps his cloak.
Crazy Yiuf hits you with a quarterstaff of chaos!
* * * LOW HITPOINT WARNING * * *
You feel drained.
* * * LOW HITPOINT WARNING * * *
You hit Crazy Yiuf but do no damage.
Crazy Yiuf is severely wounded.
You die...

#.# ##..##
#.<....# #. #.#
♣....♣ #..#####
#. ### ♣♣...♣
#.## #. ♣♣.♣♣
#.# #. ♣♣.♣
###########.
♣.♣♣
#...........
♣♣.♣
###########.
♣.♣♣ #. ##@##
#. #.g.# #.
#...# #. #)..#
#. ##### #.
###########.
###
####...........
#.#
#.#.###########
#.###.#.####


You could see Crazy Yiuf.

Vanquished Creatures
  Natasha (thrice) (D:2)
  4 gnolls
  2 adders (D:2)
  3 worms (D:2)
  3 dart slugs
  A leopard gecko (D:2)
  3 giant cockroaches
  6 goblins
  6 hobgoblins
  3 jackals (D:1)
  5 kobolds
  3 ball pythons
  6 bats
  4 frilled lizards
  7 rats
59 creatures vanquished.

Notes
Turn   | Place    | Note
-------+----------+-------------------------------------------
     0 | D:1      | Larmestyx the Naga Transmuter began the quest for the Orb.
     0 | D:1      | Reached XP level 1. HP: 18/18 MP: 3/3
   142 | D:1      | Reached XP level 2. HP: 6/25 MP: 5/5
  1014 | D:1      | Reached XP level 3. HP: 26/31 MP: 6/6
  1058 | D:1      | Learned a level 2 spell: Sticks to Snakes
  1675 | D:2      | Noticed Natasha
  1685 | D:2      | Killed Natasha
  1685 | D:2      | Reached skill level 4 in Unarmed Combat
  1685 | D:2      | Reached XP level 4. HP: 28/38 MP: 2/7
  1849 | D:2      | Reached skill level 1 in Armour
  1860 | D:2      | Reached skill level 1 in Stealth
  2184 | D:2      | Noticed Natasha
  2188 | D:2      | Killed Natasha
  2188 | D:2      | Reached XP level 5. HP: 31/45 MP: 8/8
  2237 | D:2      | Noticed Natasha
  2248 | D:2      | Killed Natasha
  2856 | D:2      | Found a burning altar of Makhleb.
  2858 | D:2      | Noticed a green death
  2948 | D:2      | Found a runed door.
  2952 | D:2      | Noticed Crazy Yiuf
  2963 | D:2      | HP: 1/45 [Crazy Yiuf/quarterstaff of chaos (3)]
  2964 | D:2      | Succumbed to Crazy Yiuf's poison

Skill      XL: |  1  2  3  4  5 |
---------------+----------------+-----
Dodging        | 2 |  2.1
Unarmed Combat | 4 |  4.7
Armour         | 1 |  1.5
Stealth        | 1 2 |  2.1
Fighting       | |  1.8
Spellcasting   | |  2.1
Transmutations | |  2.2

Action                   |  1- 3 |  4- 6 || total
-------------------------+-------+-------++-------
Melee: Unarmed           |   162 |   107 ||   269
       Punch             |       |     1 ||     1
 Cast: Sticks to Snakes  |     1 |       ||     1
 Abil: Spit Poison       |     8 |    10 ||    18
  Use: Scroll            |       |     1 ||     1
 Stab: Sleeping          |       |     2 ||     2
  Eat: Chunk             |     2 |     3 ||     5
Armor: Robe              |    23 |       ||    23
       Leather armour    |    18 |    19 ||    37
Dodge: Dodged            |    67 |    39 ||   106
